Workbook

Sheet Register
A1: Date | B1: Check # or type | C1: Description | D1: Category | E1: Payment | F1: Deposit | G1: Cleared | H1: Balance
A2: 46296 | C2: Opening balance | D2: Opening | F2: 2486.32 | G2: TRUE | H2: =SUM(F2)-SUM(E2) -> 2486.32
A3: 46296 | B3: 1041 | C3: Maple Court Apartments (rent) | D3: Housing | E3: 1350 | G3: TRUE | H3: =H2+SUM(F3)-SUM(E3) -> 1136.32
A4: 46297 | B4: DEP | C4: Paycheck, direct deposit | D4: Income | F4: 1842.16 | G4: TRUE | H4: =H3+SUM(F4)-SUM(E4) -> 2978.48
A5: 46298 | B5: DEBIT | C5: Kroger | D5: Groceries | E5: 126.48 | G5: TRUE | H5: =H4+SUM(F5)-SUM(E5) -> 2852
A6: 46300 | B6: AUTO | C6: City water and sewer | D6: Utilities | E6: 64.2 | G6: TRUE | H6: =H5+SUM(F6)-SUM(E6) -> 2787.8
A7: 46301 | B7: 1042 | C7: Lincoln Elementary PTA | D7: Other | E7: 25 | G7: TRUE | H7: =H6+SUM(F7)-SUM(E7) -> 2762.8
A8: 46303 | B8: DEBIT | C8: Shell | D8: Auto | E8: 48.75 | G8: TRUE | H8: =H7+SUM(F8)-SUM(E8) -> 2714.05
A9: 46305 | B9: DEP | C9: Mobile deposit, birthday check | D9: Income | F9: 100 | G9: TRUE | H9: =H8+SUM(F9)-SUM(E9) -> 2814.05
A10: 46307 | B10: AUTO | C10: State Farm car insurance | D10: Insurance | E10: 142 | G10: TRUE | H10: =H9+SUM(F10)-SUM(E10) -> 2672.05
A11: 46309 | B11: DEBIT | C11: Target | D11: Shopping | E11: 87.31 | G11: TRUE | H11: =H10+SUM(F11)-SUM(E11) -> 2584.74
A12: 46310 | B12: 1043 | C12: Lakeside Dental | D12: Medical | E12: 60 | G12: FALSE | H12: =H11+SUM(F12)-SUM(E12) -> 2524.74
A13: 46311 | B13: DEP | C13: Paycheck, direct deposit | D13: Income | F13: 1842.16 | G13: TRUE | H13: =H12+SUM(F13)-SUM(E13) -> 4366.9
A14: 46313 | B14: DEBIT | C14: Chipotle | D14: Dining | E14: 23.4 | G14: TRUE | H14: =H13+SUM(F14)-SUM(E14) -> 4343.5
A15: 46315 | B15: AUTO | C15: Comcast internet | D15: Utilities | E15: 79.99 | G15: TRUE | H15: =H14+SUM(F15)-SUM(E15) -> 4263.51
A16: 46317 | B16: DEBIT | C16: Kroger | D16: Groceries | E16: 142.1 | G16: FALSE | H16: =H15+SUM(F16)-SUM(E16) -> 4121.41
A17: 46320 | B17: 1044 | C17: Mike's Lawn Care | D17: Housing | E17: 45 | G17: FALSE | H17: =H16+SUM(F17)-SUM(E17) -> 4076.41
A18: 46323 | B18: ATM | C18: ATM withdrawal | D18: Other | E18: 60 | G18: FALSE | H18: =H17+SUM(F18)-SUM(E18) -> 4016.41
A19: 46325 | B19: DEP | C19: Paycheck, direct deposit | D19: Income | F19: 1842.16 | G19: FALSE | H19: =H18+SUM(F19)-SUM(E19) -> 5858.57

Sheet Reconcile
A1: Item | B1: Amount
A2: Ending balance on your bank statement | B2: 4323.51
A3: Cleared deposits (ticked) | B3: =SUMIFS(Register!F2:F500,Register!G2:G500,TRUE) -> 6270.64
A4: Cleared payments (ticked) | B4: =SUMIFS(Register!E2:E500,Register!G2:G500,TRUE) -> 1947.13
A5: Cleared balance | B5: =B3-B4 -> 4323.51
A6: Difference (should be $0.00) | B6: =ROUND(B2-B5,2) -> 0
A7: Status | B7: =IF(B6=0,"Balanced","Off by "&TEXT(ABS(B6),"$#,##0.00")) -> Balanced
A8: Payments not cleared yet | B8: =SUMIFS(Register!E2:E500,Register!G2:G500,FALSE) -> 307.1
A9: Deposits not cleared yet | B9: =SUMIFS(Register!F2:F500,Register!G2:G500,FALSE) -> 1842.16
A10: Items not cleared yet | B10: =COUNTIFS(Register!G2:G500,FALSE,Register!C2:C500,"<>") -> 5
A11: Balance in your register | B11: =SUM(Register!F2:F500)-SUM(Register!E2:E500) -> 5858.57
A12: Cleared balance minus pending items | B12: =B5-B8+B9 -> 5858.57

Sheet By Category
A1: Category | B1: Deposits | C1: Payments | D1: Entries | E1: Share of spending
A2: Income | B2: =SUMIF(Register!D2:D500,A2,Register!F2:F500) -> 5626.48 | C2: =SUMIF(Register!D2:D500,A2,Register!E2:E500) -> 0 | D2: =COUNTIF(Register!D2:D500,A2) -> 4 | E2: =IF(SUM($C$2:$C$11)=0,0,C2/SUM($C$2:$C$11)) -> 0
A3: Housing | B3: =SUMIF(Register!D2:D500,A3,Register!F2:F500) -> 0 | C3: =SUMIF(Register!D2:D500,A3,Register!E2:E500) -> 1395 | D3: =COUNTIF(Register!D2:D500,A3) -> 2 | E3: =IF(SUM($C$2:$C$11)=0,0,C3/SUM($C$2:$C$11)) -> 0.61883659
A4: Utilities | B4: =SUMIF(Register!D2:D500,A4,Register!F2:F500) -> 0 | C4: =SUMIF(Register!D2:D500,A4,Register!E2:E500) -> 144.19 | D4: =COUNTIF(Register!D2:D500,A4) -> 2 | E4: =IF(SUM($C$2:$C$11)=0,0,C4/SUM($C$2:$C$11)) -> 0.063964192
A5: Groceries | B5: =SUMIF(Register!D2:D500,A5,Register!F2:F500) -> 0 | C5: =SUMIF(Register!D2:D500,A5,Register!E2:E500) -> 268.58 | D5: =COUNTIF(Register!D2:D500,A5) -> 2 | E5: =IF(SUM($C$2:$C$11)=0,0,C5/SUM($C$2:$C$11)) -> 0.1191449
A6: Auto | B6: =SUMIF(Register!D2:D500,A6,Register!F2:F500) -> 0 | C6: =SUMIF(Register!D2:D500,A6,Register!E2:E500) -> 48.75 | D6: =COUNTIF(Register!D2:D500,A6) -> 1 | E6: =IF(SUM($C$2:$C$11)=0,0,C6/SUM($C$2:$C$11)) -> 0.02162601
A7: Insurance | B7: =SUMIF(Register!D2:D500,A7,Register!F2:F500) -> 0 | C7: =SUMIF(Register!D2:D500,A7,Register!E2:E500) -> 142 | D7: =COUNTIF(Register!D2:D500,A7) -> 1 | E7: =IF(SUM($C$2:$C$11)=0,0,C7/SUM($C$2:$C$11)) -> 0.062992685
A8: Dining | B8: =SUMIF(Register!D2:D500,A8,Register!F2:F500) -> 0 | C8: =SUMIF(Register!D2:D500,A8,Register!E2:E500) -> 23.4 | D8: =COUNTIF(Register!D2:D500,A8) -> 1 | E8: =IF(SUM($C$2:$C$11)=0,0,C8/SUM($C$2:$C$11)) -> 0.010380485
A9: Shopping | B9: =SUMIF(Register!D2:D500,A9,Register!F2:F500) -> 0 | C9: =SUMIF(Register!D2:D500,A9,Register!E2:E500) -> 87.31 | D9: =COUNTIF(Register!D2:D500,A9) -> 1 | E9: =IF(SUM($C$2:$C$11)=0,0,C9/SUM($C$2:$C$11)) -> 0.038731629
A10: Medical | B10: =SUMIF(Register!D2:D500,A10,Register!F2:F500) -> 0 | C10: =SUMIF(Register!D2:D500,A10,Register!E2:E500) -> 60 | D10: =COUNTIF(Register!D2:D500,A10) -> 1 | E10: =IF(SUM($C$2:$C$11)=0,0,C10/SUM($C$2:$C$11)) -> 0.026616627
A11: Other | B11: =SUMIF(Register!D2:D500,A11,Register!F2:F500) -> 0 | C11: =SUMIF(Register!D2:D500,A11,Register!E2:E500) -> 85 | D11: =COUNTIF(Register!D2:D500,A11) -> 2 | E11: =IF(SUM($C$2:$C$11)=0,0,C11/SUM($C$2:$C$11)) -> 0.037706889
A12: Total | B12: =SUM(B2:B11) -> 5626.48 | C12: =SUM(C2:C11) -> 2254.23 | D12: =SUM(D2:D11) -> 17 | E12: =SUM(E2:E11) -> 1
